 Dungeon Crawl Stone Soup version 0.21.1-72-gffa868e (webtiles) character file.

1841 Madoushi the Cleaver (level 8, -2/109 HPs)
             Began as a Minotaur Berserker on Aug 5, 2018.
             Was an Elder of Trog.
             Slain by a killer bee (4 damage)
             ... on level 6 of the Dungeon.
             The game lasted 00:15:26 (6125 turns).

Madoushi the Cleaver (Minotaur Berserker)           Turns: 6125, Time: 00:15:27

Health: -2/109     AC:  7    Str: 30    XL:     8   Next: 87%
Magic:  7/7        EV: 13    Int:  4    God:    Trog [****..]
Gold:   378        SH:  4    Dex:  9    Spells: 7/7 levels left

rFire    . . .     SeeInvis .   C - +0 broad axe
rCold    . . .     Gourm    .   g - +0 buckler
rNeg     . . .     Faith    .   s - +1 ring mail
rPois    .         Spirit   .   t - +0 hat
rElec    .         Reflect  .   (no cloak)
rCorr    .         Harm     .   (no gloves)
MR       .....                  (no boots)
Stlth    ..........             (no amulet)
HPRegen  0.28/turn              (no ring)
MPRegen  0.10/turn              (no ring)

@: berserking, lethally poisoned (-2 -> -11), very quick
A: retaliatory headbutt, horns 2
a: Berserk, Trog's Hand, Brothers in Arms, Burn Spellbooks, Renounce Religion


You were on level 6 of the Dungeon.
You worshipped Trog.
Trog was greatly pleased with you.
You were not hungry.

You visited 1 branch of the dungeon, and saw 7 of its levels.

You collected 378 gold pieces.

Inventory:

Hand Weapons
 a - a +1 hand axe
 u - a +0 war axe
 C - a +0 broad axe (weapon)
Missiles
 v - 5 tomahawks of dispersal (quivered)
Armour
 b - a +0 animal skin
 e - a +0 robe
 g - a +0 buckler (worn)
 s - a +1 ring mail (worn)
 t - a +0 hat (worn)
Jewellery
 p - an uncursed amulet of harm
Wands
 y - a wand of polymorph (5)
 B - a wand of paralysis (10)
 G - a wand of random effects (33)
Scrolls
 f - 2 scrolls of fear
 k - 3 scrolls of remove curse
 l - a scroll of noise
 n - 7 scrolls of identify
 r - a scroll of random uselessness {unknown}
 w - a scroll of enchant weapon
 F - a scroll of teleportation
Potions
 d - a potion of lignification {unknown}
 h - 2 potions of resistance
 i - 2 potions of haste {unknown}
 j - a potion of flight {unknown}
 m - a potion of degeneration {unknown}
 o - 2 potions of invisibility {unknown}
 q - a potion of might {unknown}
 x - a potion of ambrosia {unknown}
 z - a potion of magic {unknown}
 A - a potion of mutation {unknown}
 D - 2 potions of curing {unknown}
Comestibles
 c - 7 rations


   Skills:
 + Level 7.2 Fighting
 + Level 9.6 Axes
 + Level 5.0 Armour
 + Level 5.5 Dodging
 + Level 1.6 Stealth
 + Level 3.2 Shields


You had 7 spell levels left.
You didn't know any spells.

Dungeon Overview and Level Annotations

Branches:
Dungeon (7/15)             Temple (0/1) D:5

Altars:
Ashenzari
Dithmenos
Elyvilon
Fedhas
Qazlal
Uskayaw
Vehumet
Wu Jian
Yredelemnul
The Shining One


Innate Abilities, Weirdness & Mutations

You reflexively headbutt those who attack you in melee.
You have a pair of horns on your head.


Message History

There is a stone staircase leading down here.
A red film seems to cover your vision as you go berserk!
You feel yourself moving faster!
You feel mighty!
You feel a lot more hungry.
You feel sick. The killer bee stings you.
* * * LOW HITPOINT WARNING * * *
The killer bee barely misses you. x2; You block the killer bee's attack.
You miss the killer bee. Your headbutt misses the killer bee.
The killer bee is heavily wounded.
You slash the killer bee!
* * * LOW HITPOINT WARNING * * *
You feel sick. You block the killer bee's attack. The killer bee stings you!
* * * LOW HITPOINT WARNING * * *
The killer bee barely misses you. You block the killer bee's attack.
You barely miss the killer bee. You headbutt the killer bee!
You kill the killer bee!
Trog accepts your kill.
You barely miss the killer bee.
* * * LOW HITPOINT WARNING * * *
You feel sick. The killer bee stings you.
You die...

........................####.#
#................#####.......####
......####.......# ####.....##.
#####.# #.......# ##........)
##.## ##......# #.......... #...#
#......### #.....P.P.( ###.#
####.....# ##....._... #.##
###y#########..P.P.. #..#
#@####_####....... ##.####
###.##.....##.......
#....###...##♣...♣##.......
####.#...####.....##....##.
#...### #♣...♣##.###### #####
##'####.# #......# ########


You could see a killer bee.

Vanquished Creatures
  Grinder (D:3)
  Sigmund (D:2)
  The ghost of Sermion the Chopper, an amateur MiBe of Trog (D:4)
  The ghost of shugdite the Slasher, an amateur MiFi of Okawaru (D:3)
  An ogre (D:4)
  A centaur (D:5)
  2 bullfrogs (D:6)
  2 killer bees
  3 howler monkeys
  A bullfrog zombie (D:6)
  A jelly (D:6)
  2 orc priests (D:4)
  A centaur skeleton (D:5)
  3 orc wizards
  Natasha (thrice) (D:2)
  An iguana (D:5)
  3 worker ants
  A worker ant zombie (D:5)
  Robin (D:3)
  12 adders
  A shadow imp (D:5)
  An ooze (D:3)
  An adder skeleton (D:4)
  5 worms
  3 dart slugs
  4 leopard geckos
  10 orcs
  4 ball pythons
  5 giant cockroaches
  13 goblins
  8 hobgoblins
  18 jackals
  9 bats
  6 frilled lizards
  A jackal skeleton (D:4)
  8 kobolds
  A leopard gecko skeleton (D:5)
  4 rats
144 creatures vanquished.

Notes
Turn   | Place    | Note
-------+----------+-------------------------------------------
     0 | D:1      | Madoushi the Minotaur Berserker began the quest for the Orb.
     0 | D:1      | Reached XP level 1. HP: 19/19 MP: 0/0
    86 | D:1      | Reached XP level 2. HP: 27/27 MP: 1/1
   194 | D:1      | Reached skill level 4 in Axes
   869 | D:2      | Reached XP level 3. HP: 16/34 MP: 2/2
  1166 | D:2      | Noticed Natasha
  1178 | D:2      | Killed Natasha
  1405 | D:2      | Reached XP level 4. HP: 26/41 MP: 3/3
  1574 | D:2      | Noticed Natasha
  1588 | D:2      | Killed Natasha
  1588 | D:2      | Reached skill level 5 in Fighting
  1597 | D:2      | Noticed Natasha
  1611 | D:2      | Killed Natasha
  1611 | D:2      | Reached ** piety under Trog
  1743 | D:2      | Reached XP level 5. HP: 37/48 MP: 4/4
  1964 | D:2      | Reached skill level 1 in Shields
  2107 | D:2      | Reached skill level 5 in Axes
  2271 | D:2      | Found a shattered altar of Ashenzari.
  2430 | D:2      | Found a basalt altar of Yredelemnul.
  2754 | D:2      | Noticed Sigmund
  2769 | D:2      | Killed Sigmund
  2769 | D:2      | Reached XP level 6. HP: 22/57 MP: 5/5
  3138 | D:3      | Noticed shugdite's ghost (amateur MiFi)
  3149 | D:3      | Killed shugdite's ghost
  3149 | D:3      | Reached skill level 6 in Axes
  3149 | D:3      | Reached XP level 7. HP: 63/63 MP: 6/6
  3159 | D:3      | Found a radiant altar of Vehumet.
  3171 | D:3      | Reached *** piety under Trog
  3171 | D:3      | Reached skill level 1 in Stealth
  3519 | D:3      | Noticed Grinder
  3519 | D:3      | Paralysed by Grinder for 6 turns
  3532 | D:3      | Killed Grinder
  3532 | D:3      | Reached skill level 7 in Axes
  3644 | D:3      | Noticed Robin
  3649 | D:3      | Killed Robin
  3892 | D:4      | Reached skill level 5 in Dodging
  4002 | D:4      | Noticed Sermion's ghost (amateur MiBe)
  4019 | D:4      | Killed Sermion's ghost
  4019 | D:4      | Reached XP level 8. HP: 34/71 MP: 7/7
  4199 | D:4      | Found a stormy altar of Qazlal.
  4296 | D:4      | Reached skill level 8 in Axes
  4494 | D:4      | Found a white marble altar of Elyvilon.
  4743 | D:5      | Entered Level 5 of the Dungeon
  4783 | D:5      | Received a gift from Trog
  4807 | D:5      | Found a staircase to the Ecumenical Temple.
  4841 | D:5      | Found a shadowy altar of Dithmenos.
  5161 | D:5      | Reached skill level 9 in Axes
  5305 | D:5      | Found an ornate altar of the Wu Jian Council.
  5305 | D:5      | Found a hide-covered altar of Uskayaw.
  5611 | D:6      | Found a blossoming altar of Fedhas.
  5673 | D:6      | Found a glowing golden altar of the Shining One.
  6109 | D:7      | Reached **** piety under Trog
  6118 | D:7      | Reached skill level 5 in Armour
  6124 | D:6      | HP: 2/109 [killer bee (7)]
  6125 | D:6      | Slain by a killer bee

Skill      XL: |  1  2  3  4  5  6  7  8 |
---------------+-------------------------+-----
Axes           | 4 5 6 7 9 |  9.6
Fighting       | 4 5 6 7 |  7.2
Dodging        | 3 4 5 |  5.5
Shields        | 1 2 3 |  3.2
Stealth        | 1 |  1.6
Armour         | 3 5 |  5.0

Action                   |  1- 3 |  4- 6 |  7- 9 || total
-------------------------+-------+-------+-------++-------
Melee: Hand axe          |    57 |   118 |   160 ||   335
       Headbutt          |    11 |    22 |    35 ||    68
       Broad axe         |       |       |    61 ||    61
Invok: Berserk           |       |     1 |     1 ||     2
       Trog's Hand       |       |       |     1 ||     1
  Use: Scroll            |       |     5 |     6 ||    11
 Stab: Sleeping          |       |     1 |       ||     1
  Eat: Ration            |     1 |       |     2 ||     3
       Chunk             |       |     3 |     7 ||    10
Armor: Animal skin       |     4 |    26 |       ||    30
       Ring mail         |       |     4 |    63 ||    67
Dodge: Dodged            |    35 |    63 |   137 ||   235
Block: Buckler           |     2 |    14 |    31 ||    47
